 Dungeon Crawl Stone Soup version 0.30.1-11-g7821555f0a (webtiles) character file.

Game seed: 15559375838261029437

73 Martska the Trooper (level 4, -6/37 HPs)
             Began as a Demonspawn Fighter on Dec 13, 2023.
             Splashed by a jelly's acid (9 damage)
             ... on level 4 of the Dungeon.
             The game lasted 00:02:01 (2085 turns).

Martska the Trooper (Demonspawn Fighter)            Turns: 2085, Time: 00:02:03

Health: -6/37      AC: -2    Str: 19    XL:     4   Next: 8%
Magic:  4/4        EV: 10    Int:  9    God:
Gold:   150        SH:  8    Dex: 12    Spells: 3/3 levels left

rFire   . . .        a - +0 trident
rCold   . . .        c - +0 buckler
rNeg    . . .        e - +0 ring mail {rPois}
rPois   +            (helmet restricted)
rElec   .            (no cloak)
rCorr   .            (no gloves)
SInv    .            (no boots)
Will    .....        (no amulet)
Stlth   +            (no ring)
HPRegen 0.26/turn    (no ring)
MPRegen 0.09/turn

%: no passive effects
@: corroded
A: horns 1, large bone plates 1
a: no special abilities


You were on level 4 of the Dungeon.
You visited 1 branch of the dungeon, and saw 4 of its levels.

You collected 150 gold pieces.

Inventory:

Hand Weapons
 a - a +0 trident (weapon)
Armour
 c - a +0 buckler (worn)
 e - a +0 ring mail of poison resistance (worn)
Jewellery
 j - an amulet of magic regeneration
Scrolls
 b - 2 scrolls of immolation {unknown}
 i - a scroll of brand weapon {unknown}
 k - a scroll of identify {unknown}
 m - a scroll of fear {unknown}
 o - a scroll of vulnerability {unknown}
Potions
 d - a potion of might
 f - a potion of curing {unknown}
 g - 2 potions of ambrosia {unknown}
 h - a potion of heal wounds
 l - a potion of lignification {unknown}
 n - a potion of degeneration {unknown}
 p - a potion of cancellation {unknown}


   Skills:
 * Level 3.7 Fighting
 - Level 1.7 Polearms
 + Level 3.0 Armour
 * Level 1.8 Dodging
 + Level 3.0 Shields


You had 3 spell levels left.
You didn't know any spells.
Your spell library contained the following spells:

 Spells                   Type           Power      Damage    Failure   Level
 Slow                     Hex            0%         N/A       65%         1
 Confusing Touch          Hex            0%         N/A       95%         3
 Frozen Ramparts          Ice            0%         1d1       95%         3
 Vampiric Draining        Necr           0%         2d6       95%         3
 Ice Form                 Ice/Tmut       0%         N/A       100%        4
 Summon Ice Beast         Ice/Summ       0%         N/A       100%        4


Dungeon Overview and Level Annotations

Branches:
Dungeon (4/15)
 Temple: D:4-7

Altars:


Innate Abilities, Weirdness & Mutations

You have a pair of small horns on your head.
You are partially covered in large bone plates. (SH +4)


Message History

You block the hobgoblin's attack.
You puncture the hobgoblin!
You kill the hobgoblin!
The jelly hits you. The acid corrodes you!
You are splashed with acid!
You hit the jelly but do no damage.
Your hands burn!
Your headbutt misses the jelly. You block the jelly's attack.
The jelly hits you.
You are splashed with acid!
You are too injured to fight recklessly!
You are too injured to fight recklessly!
You are too injured to fight recklessly!
You are too injured to fight recklessly!
You are too injured to fight recklessly!
You are too injured to fight recklessly!
You are too injured to fight recklessly!
You are too injured to fight recklessly!
You are too injured to fight recklessly!
You are too injured to fight recklessly!
You are too injured to fight recklessly!
You are too injured to fight recklessly!
You are too injured to fight recklessly!
You are too injured to fight recklessly!
You are too injured to fight recklessly!
You are too injured to fight recklessly!
You are too injured to fight recklessly!
You are too injured to fight recklessly!
You are too injured to fight recklessly!
You hit the jelly.
Your hands burn!
The jelly is moderately wounded.
The dart slug launches a dart at you. The slug dart hits you.
* * * LOW HITPOINT WARNING * * *
You block the jelly's attack.
You puncture the jelly!
Your hands burn!
* * * LOW HITPOINT WARNING * * *
You headbutt the jelly.
The jelly is almost dead.
The jelly hits you.
* * * LOW HITPOINT WARNING * * *
The acid corrodes you!
You are splashed with acid!
You die...

##............##
#..............##
#...............#
#...............#
#.#............##
#.#####.......##
#.# #########
###.#### #...@..#
#....†J....#
#.....w.....#
#............#
#.............#
#.............#
#.............#
#............#


You could see a jelly and a dart slug.

Vanquished Creatures
  2 adders
  3 worms (D:2)
  4 endoplasms
  A giant cockroach (D:1)
  4 goblins
  10 hobgoblins
  2 jackals (D:2)
  2 quokkas (D:1)
  7 ball pythons
  4 bats
  2 frilled lizards (D:1)
  A kobold (D:1)
  3 rats
45 creatures vanquished.

Notes
Turn   | Place    | Note
-------+----------+-------------------------------------------
     0 | D:1      | Martska the Demonspawn Fighter began the quest for the Orb.
     0 | D:1      | Reached XP level 1. HP: 18/18 MP: 1/1
   140 | D:1      | Gained mutation: You are partially covered in large bone
                  | plates. (SH +4) [demonic ancestry]
   140 | D:1      | Reached XP level 2. HP: 18/24 MP: 2/2
   321 | D:1      | Reached skill level 1 in Dodging
   783 | D:2      | Reached XP level 3. HP: 24/29 MP: 3/3
  1629 | D:3      | Gained mutation: You have a pair of small horns on your
                  | head. [demonic ancestry]
  1629 | D:3      | Reached XP level 4. HP: 37/37 MP: 4/4
  2085 | D:4      | Splashed by a jelly's acid

Illustrated notes

Levels and vault maps discovered:
D:1:      scummos_arrival_forest, layout_loops_cross
D:2:      layout_basic, minmay_pentomino_p4, uniq_natasha
D:3:      layout_basic, corner_web_ring, nrook_uturn
D:4:      layout_cave_pods, overflow_temple_1_default, uniq_blork_the_orc

Skill      XL: |  1  2  3 |
---------------+----------+-----
Dodging        | 1 |  1.8
Armour         | 3 |  3.0
Shields        | 3 |  3.0
Fighting       | |  3.7
Polearms       | |  1.7

Action                     |  1- 3 |  4- 6 || total
---------------------------+-------+-------++-------
  Melee: Trident           |   141 |     8 ||   149
         Headbutt          |       |     4 ||     4
 Armour: Ring mail         |    33 |       ||    33
  Dodge: Dodged            |    68 |       ||    68
  Block: Buckler           |    52 |     3 ||    55
